Map: Ley Lines

Players

provides

  • Race: Zerg Zerg
  • Spawn Location: 7:00

wootwoot - Winner!

  • Race: Zerg Zerg
  • League: Silver
  • Spawn Location: 1:00

VOD

Have the link to the VOD?

Description

Time

  • Played on: April 1, 2025, 6:15 p.m.
  • Length: 1:17
Show
View Real Time Build Order
Export as new Build Order

provides Zerg 

Build Orders: Hatch First 

Get SALT Encoding   

  12  0:06  Drone  
  13  0:13  Overlord  
  13  0:24  Drone  
  14  0:32  Drone  
  14  0:33  Drone  
  16  0:39  Drone  
  17  0:56  Hatchery, Drone  
  17  1:03  Drone  
  18  1:14  Spawning Pool  
Show
View Real Time Build Order
Export as new Build Order

wootwoot Zerg - Winner!

Build Orders: Pool Only 

Get SALT Encoding   

  12  0:00  Drone  
  13  0:08  Drone  
  14  0:15  Extractor  
  13  0:28  Spawning Pool  
  13  0:32  Drone  
  13  0:36  Drone  
  14  0:46  Overlord  
  14  0:56  Drone, Extractor  
Tags
 
League
Silver
Matchup
ZvZ
Race
Zerg
Replay Pack
B2M-Replays
Spawn Locations
Cross Positions
Add a new tag
Caveats
  • Supply blocks, unpowered buildings, or Contaminate may cause inaccurate times.
  • Supply counts are checked every 10 seconds.